 Dungeon Crawl Stone Soup version 0.14-a0-1626-g054e7ae (webtiles) character file.

77 pariah666 the Cudgeler (level 3, -2/34 HPs)
             Began as a Deep Dwarf Berserker on Dec 25, 2013.
             Was a Believer of Trog.
             Slain by Crazy Yiuf
             ... wielding a +2,+4 quarterstaff of chaos
              (12 damage)
             ... on Level 2 of the Dungeon.
             The game lasted 00:15:58 (1599 turns).

pariah666 the Cudgeler (Deep Dwarf Berserker)       Turns: 1599, Time: 00:15:58

HP  -2/34        AC  8     Str 21      XL: 3   Next: 46%
MP   2/2         EV  7     Int  7      God: Trog [**....]
Gold 31          SH  0     Dex 12      Spells:  0 memorised,  2 levels left

rFire  . . .     SeeInvis .     a - +0 dwarf mace
rCold  . . .     Clarity  .     p - +0 orc chain mail
rNeg   . . .     Conserve .     (no shield)
rPois  .         rCorr    .     (no helmet)
rElec  .         rRot     .     (no cloak)
SustAb . .       Spirit   .     (no gloves)
rMut   .         Warding  .     (no boots)
Saprov . . .     Stasis   .     (no amulet)
                                (no ring)
                                (no ring)

@: non-regenerating, slightly resistant to hostile enchantments, extremely
unstealthy
A: damage resistance, recharge devices, sense surroundings 1, slow healing 3
a: Device Recharging, Burn Spellbooks, Berserk, Trog's Hand, Renounce Religion


You were on level 2 of the Dungeon.
You worshipped Trog.
Trog was pleased with you.
You were not hungry.

You visited 1 branch of the dungeon, and saw 2 of its levels.

You collected 31 gold pieces.

Inventory:

Hand weapons
 a - a +0,+0 dwarven mace (weapon)
Armour
 b - a +0 animal skin
 p - a +0 orcish chain mail (worn)
Magical devices
 c - a wand of heal wounds (6)
 m - a wand of magic darts (10)
Comestibles
 i - a meat ration
 j - a pear (quivered)
Scrolls
 f - 2 scrolls of curse armour {unknown}
 g - a scroll of remove curse {unknown}
 h - 2 scrolls of teleportation {unknown}
 n - a scroll of amnesia {unknown}
 o - a scroll of random uselessness {unknown}
Potions
 d - a potion of restore abilities {unknown}
 e - a potion of might {unknown}
 k - a potion of speed {unknown}
 l - a potion of paralysis {unknown}


   Skills:
 * Level 3.3 Fighting
 * Level 3.5 Maces & Flails
 * Level 2.3 Armour
 + Level 2.9 Dodging


You had 2 spell levels left.
You didn't know any spells.

Dungeon Overview and Level Annotations

Branches:
Dungeon (2/16)

Altars:
Vehumet

Annotations:
D:2 Crazy Yiuf


Innate Abilities, Weirdness & Mutations

You are resistant to damage.
You can recharge devices by infusing magical energy.
You passively map a small area around you.
You do not heal naturally.


Message History

Anything else - Stay silent.
Okay, then.
You don't know any spells.
Unknown command.
There are no items here.
You open the door.
Crazy Yiuf comes into view.
He is wielding a quarterstaff of chaos.
Crazy Yiuf shouts!
Found an orcish hammer.
Crazy Yiuf hits you with a quarterstaff of chaos!
* * * LOW HITPOINT WARNING * * *
There is an open door here.
You hit Crazy Yiuf.
Crazy Yiuf is moderately wounded.
Crazy Yiuf cries, "Snower action blue!"
Crazy Yiuf hits you but does no damage.
You hit Crazy Yiuf.
Crazy Yiuf is heavily wounded.
Crazy Yiuf hits you with a quarterstaff of chaos!
You die...

#........#
#......<.# ,
#..>.....# ****
***#####....# , *
** ♣♣♣♣♣♣###.###
♣♣♣♣♣♣♣♣###.#
#####♣♣♣.♣...'..#
**
#...#♣..♣.......#
#..g@.♣♣♣♣......#
#)..#♣♣♣♣♣♣f.'.##
#####♣♣♣♣♣♣♣####
* * ***♣♣♣# * *


You could see Crazy Yiuf.

Vanquished Creatures
  2 adders (D:2)
  2 giant geckos (D:1)
  An orc (D:2)
  2 giant cockroaches
  4 hobgoblins
  4 jackals (D:1)
  3 kobolds (D:1)
  5 bats (D:1)
  A giant newt (D:1)
  A goblin (D:1)
  2 rats (D:1)
  A bush (D:2)
  2 fungi (D:2)
  2 plants (D:2)
32 creatures vanquished.

Notes
Turn   | Place    | Note
--------------------------------------------------------------
     0 | D:1      | pariah666, the Deep Dwarf Berserker, began the quest for the Orb.
     0 | D:1      | Reached XP level 1. HP: 20/20 MP: 1/1
   264 | D:1      | Reached XP level 2. HP: 17/28 MP: 1/1
   647 | D:1      | Acquired Trog's second power
  1205 | D:2      | Found a radiant altar of Vehumet.
  1225 | D:2      | Reached XP level 3. HP: 2/34 MP: 2/2
  1596 | D:2      | Noticed Crazy Yiuf
  1599 | D:2      | Slain by Crazy Yiuf

Action                   || total
-------------------------++-------
Melee: Mace              ||   252
 Abil: Device Recharging ||     1
Evoke: Wand              ||     3
